 Dungeon Crawl Stone Soup version 0.28-a0-697-g47f3eba078 (webtiles) character file.

Game seed: 7010576812049404346

867 bande the Chopper (level 8, 0/48 HPs)
             Began as a Gargoyle Fighter on Oct 24, 2021.
             Slain by a killer bee (4 damage)
             ... on level 5 of the Dungeon.
             The game lasted 00:09:26 (6708 turns).

bande the Chopper (Gargoyle Fighter)                Turns: 6708, Time: 00:09:26

Health: 0/48       AC: 12    Str: 22    XL:     8   Next: 3%
Magic:  7/7        EV:  9    Int: 10    God:
Gold:   273        SH: 10    Dex: 10    Spells: 7/7 levels left

rFire   . . .      SeeInvis .   a - +1 war axe
rCold   . . .      Faith    .   c - +1 buckler
rNeg    + . .      Spirit   .   b - +0 scale mail
rPois   ∞          Reflect  +   (no helmet)
rElec   +          Harm     .   (no cloak)
rCorr   +          Rampage  .   (no gloves)
Will    .....                   (no boots)
Stlth   ..........              j - amulet of reflection
HPRegen 0.16/turn               h - ring of resist corrosion
MPRegen 0.10/turn               (no ring)

@: no status effects
A: sickness immunity, AC +5, negative energy resistance 1, electricity
resistance, torment resistance 1, petrification resistance, clever 1, low mp 1,
screaming 1, wild magic 1
a: no special abilities


You were on level 5 of the Dungeon.
You visited 1 branch of the dungeon, and saw 5 of its levels.
You also visited: Ossuary.

You collected 273 gold pieces.

Inventory:

Hand Weapons
 a - a +1 war axe (weapon)
 i - a +0 shortbow
 o - a +0 war axe
 q - a +0 flail
Missiles
 n - 17 arrows
Armour
 b - a +0 scale mail (worn)
 c - a +1 buckler (worn)
 r - a +1 scale mail of willpower
Jewellery
 h - a ring of resist corrosion (left hand)
 j - an amulet of reflection (around neck)
Wands
 f - a wand of digging (3)
 m - a wand of flame (12)
Scrolls
 u - 3 scrolls of enchant armour
 v - 3 scrolls of identify
 x - 2 scrolls of silence
Potions
 d - a potion of might
 e - 2 potions of haste
 g - 2 potions of brilliance
 k - 2 potions of heal wounds
 l - a potion of cancellation
 p - 2 potions of curing
 s - a potion of flight


   Skills:
 + Level 4.6 Fighting
 + Level 5.5 Axes
 + Level 5.1 Armour
 + Level 4.4 Shields
 * Level 3.0 Evocations


You had 7 spell levels left.
You didn't know any spells.
Your spell library contained the following spells:

 Spells                   Type           Power      Damage    Failure   Level
 Conjure Flame            Conj/Fire      0%         6-21      97%         3
 Dazzling Flash           Conj/Hex       0%         N/A       97%         3
 Ignite Poison            Fire/Tmut/Pois 0%         N/A       97%         3
 Mephitic Cloud           Conj/Pois/Air  0%         N/A       97%         3
 Sticky Flame             Conj/Fire      0%         2d3       100%        4
 Agony                    Necr           0%         N/A       100%        5
 Freezing Cloud           Conj/Ice/Air   0%         6-21      100%        5
 Silence                  Hex/Air        0%         N/A       100%        5
 Borgnjor's Revivificati  Necr           0%         N/A       100%        8
 Necromutation            Tmut/Necr      0%         N/A       100%        8
 Death's Door             Necr           0%         N/A       100%        9


Dungeon Overview and Level Annotations

Branches:
Dungeon (5/15)            Ossuary (visited)
 Temple: D:4-7

Altars:


Innate Abilities, Weirdness & Mutations

You are immune to sickness and miasma.
Your stone body is resilient. (AC +5)
You are immune to poison.
You resist negative energy. (rN+)
You are resistant to electric shocks. (rElec)
You are resistant to unholy torment.
You are immune to petrification.
Your mind is acute. (Int +2)
Your magical capacity is low. (-10% MP)
You occasionally shout uncontrollably at your foes.
Your spells are a little harder to cast, but a little more powerful.


Message History

The komodo dragon completely misses you.
The killer bee stings you.
The komodo dragon bites you but does no damage.
You hit the komodo dragon.
The komodo dragon is moderately wounded.
You barely miss the killer bee. You block the killer bee's attack.
The killer bee closely misses you. You block the killer bee's attack.
The komodo dragon bites you!
* * * LOW HITPOINT WARNING * * *
You are too injured to fight recklessly!
You are too injured to fight recklessly!
You are too injured to fight recklessly!
You are too injured to fight recklessly!
You are too injured to fight recklessly!
You are too injured to fight recklessly!
You are too injured to fight recklessly!
You are too injured to fight recklessly!
You are too injured to fight recklessly!
You feel much better. You block the killer bee's attack. x2
The komodo dragon bites you!
Unknown command.
You slash the komodo dragon!
The komodo dragon is heavily wounded.
You closely miss the killer bee. The killer bee completely misses you.
The killer bee stings you. The komodo dragon bites you!
* * * LOW HITPOINT WARNING * * *
Unknown command.
You hit the komodo dragon but do no damage.
The komodo dragon is heavily wounded.
You closely miss the killer bee. You block the killer bee's attack.
The killer bee barely misses you. The komodo dragon closely misses you.
The killer bee stings you.
* * * LOW HITPOINT WARNING * * *
Unknown command.
You completely miss the komodo dragon.
The komodo dragon is heavily wounded.
You hit the killer bee. The killer bee stings you.
* * * LOW HITPOINT WARNING * * *
The komodo dragon closely misses you. The killer bee stings you.
You die...

#...# *####**,***,,*
##..# #...#
##.,,***,**,* ##.##
#...# #..*,,*,,,***
#..# ##=.# #.###,,,*,*
##.## #..##
#.#.##***,* ##.##
##..## #..#.##,*,*
##..#
#...###.###.#,,,#
##)###
##....#..#.####.###.##
##...#.###.#@l.##.##
##...#..#.#.#y##..#
#....#.########.###
###....#.# ###
##...##...#*
#...#####..# #..##
#### #..# ##.##


You could see a komodo dragon and a killer bee.

Vanquished Creatures
  An ogre (D:5)
  Blork the orc (D:5)
  2 elf zombies (Ossuary)
  A centaur zombie (D:5)
  2 hounds
  A human zombie (Ossuary)
  Terence (D:3)
  An iguana (D:5)
  Natasha (thrice) (D:4)
  3 orc wizards (D:4)
  A hound zombie (Ossuary)
  3 mummies (Ossuary)
  4 gnolls (D:4)
  5 adders
  5 adder zombies (Ossuary)
  An adder skeleton (D:4)
  A worm (D:2)
  2 dart slugs
  10 orcs
  4 ball pythons
  4 endoplasms
  4 giant cockroaches
  5 hobgoblins
  2 jackals (D:3)
  3 quokkas
  5 bats
  2 frilled lizards (D:1)
  4 goblins
  6 goblin zombies (Ossuary)
  3 hobgoblin zombies (Ossuary)
  5 jackal zombies (Ossuary)
  10 kobolds
  2 kobold zombies (Ossuary)
  4 orc zombies (Ossuary)
  5 quokka zombies (Ossuary)
  3 rats (D:3)
  A rat zombie (Ossuary)
120 creatures vanquished.

Notes
Turn   | Place    | Note
-------+----------+-------------------------------------------
     0 | D:1      | bande the Gargoyle Fighter began the quest for the Orb.
     0 | D:1      | Reached XP level 1. HP: 14/14 MP: 1/1
   319 | D:1      | Reached XP level 2. HP: 19/19 MP: 2/2
  1024 | D:2      | Reached XP level 3. HP: 23/23 MP: 3/3
  1904 | D:3      | Reached XP level 4. HP: 25/29 MP: 4/4
  2218 | D:3      | Found a faded altar of an unknown god.
  2352 | D:3      | Noticed Terence
  2375 | D:3      | Killed Terence
  2376 | D:3      | Reached skill level 1 in Evocations
  2376 | D:3      | Reached XP level 5. HP: 29/33 MP: 5/5
  2800 | D:4      | Found a sand-covered staircase.
  2810 | Ossuary  | Entered an ossuary
  3145 | Ossuary  | Reached XP level 6. HP: 12/38 MP: 6/6
  4143 | D:4      | Noticed Natasha
  4153 | D:4      | Killed Natasha
  4154 | D:4      | Reached XP level 7. HP: 15/43 MP: 7/7
  4177 | D:4      | Noticed Natasha
  4186 | D:4      | Killed Natasha
  4880 | D:4      | Noticed Natasha
  4885 | D:4      | Killed Natasha
  4886 | D:4      | Reached skill level 5 in Axes
  5135 | D:4      | Gained mutation: You occasionally shout uncontrollably at
                  | your foes. [potion of mutation]
  5135 | D:4      | Gained mutation: Your magical capacity is low. (-10% MP)
                  | [potion of mutation]
  5135 | D:4      | Gained mutation: Your mind is acute. (Int +2) [potion of
                  | mutation]
  5135 | D:4      | Gained mutation: Your spells are a little harder to cast,
                  | but a little more powerful. [potion of mutation]
  5999 | D:5      | Entered Level 5 of the Dungeon
  5999 | D:5      | Noticed Blork the orc
  6006 | D:5      | Killed Blork the orc
  6146 | D:5      | Reached skill level 5 in Armour
  6459 | D:5      | Reached XP level 8. HP: 45/48 MP: 7/7
  6700 | D:5      | Noticed a komodo dragon
  6708 | D:5      | Slain by a killer bee

Illustrated notes

Levels and vault maps discovered:
D:1:      scummos_arrival_forest, layout_rooms, bh_walls_and_bars
D:2:      layout_loops_ring, minmay_misc_feat_plants, hex_tiny, st_stairs_6
D:3:      layout_basic, shapermc_ecumenical_altar_totnotflames, serial_glass,
          glass_columns_b, glass_columns_c, due_unseen_surprise,
          minmay_strange_pillars, skrybe_limestone_x, uniq_terence
D:4:      layout_gridville, chequers_ossuary_entry_cave, uniq_natasha
D:5:      layout_layer_cave, minmay_small_thing, uniq_blork_the_orc

Skill      XL: |  1  2  3  4  5  6  7 |
---------------+----------------------+-----
Axes           | 2 3 4 5 |  5.5
Armour         | 4 5 |  5.1
Evocations     | 1 2 3 |  3.0
Fighting       | 4 |  4.6
Shields        | 4 |  4.4

Action                   |  1- 3 |  4- 6 |  7- 9 || total
-------------------------+-------+-------+-------++-------
Melee: War axe           |    96 |   230 |   100 ||   426
Evoke: Wand              |       |     1 |       ||     1
  Use: Scroll            |     3 |     3 |     7 ||    13
       Potion            |       |     2 |     2 ||     4
Armor: Scale mail        |    46 |    90 |    42 ||   178
Dodge: Dodged            |    48 |    75 |    36 ||   159
Block: Buckler           |    29 |   120 |    36 ||   185
       Reflection        |       |     1 |     3 ||     4

Table legend: (Time is in decaauts)
 A = Elapsed time spent in this place.
 B = Non-inter-level travel time spent in this place.
 C = Inter-level travel time spent in this place.
 D = Time resting spent in this place.
 E = Time spent auto-exploring this place.
 F = Levels seen in this place.
 G = Mean time per level.
                   A        B        C        D        E       F      G
               +--------+--------+--------+--------+--------+-----+--------+
         Total |   6852 |   6719 |    133 |   1692 |   3429 |   6 | 1142.0 |
       Dungeon |   5495 |   5362 |    133 |    820 |   3204 |   5 | 1099.0 |
       Ossuary |   1357 |   1357 |      0 |    872 |    225 |   1 | 1357.0 |
               +--------+--------+--------+--------+--------+-----+--------+

Top non-repeatable levels by time:
     D:2: 1491 daAuts
     D:4: 1412 daAuts
 Ossuary: 1357 daAuts
     D:3: 1146 daAuts
     D:1: 727 daAuts
     D:5: 717 daAuts
